 Dungeon Crawl Stone Soup version 0.27.0-1-g7a08968 (webtiles) character file.

Game seed: 6368636574211928619

12886 BALLS the Thaumaturge (level 11, -1/81 HPs)
             Began as a Mummy Conjurer on Jan 20, 2022.
             Splashed by Erica's acid (11 damage)
             ... on level 10 of the Dungeon.
             The game lasted 01:04:01 (11643 turns).

BALLS the Thaumaturge (Mummy Conjurer)             Turns: 11643, Time: 01:04:04

Health: -1/81      AC:  4    Str: 10    XL:     11   Next: 68%
Magic:  24/27      EV: 16    Int: 21    God:
Gold:   685        SH:  3    Dex: 14    Spells: 6/34 levels left

rFire    x . .     SeeInvis .   q - +5 dagger "Worm" {venom, Dex+3 Stlth+}
rCold    + . .     Faith    .   w - +0 buckler
rNeg     + + +     Spirit   .   z - +0 troll leather armour
rPois    ∞         Reflect  .   (no helmet)
rElec    .         Harm     .   r - +1 cloak
rCorr    .         Rampage  .   j - +0 pair of gloves
Will     +....                  m - +0 pair of boots
Stlth    +++.......             o - amulet of magic regeneration
HPRegen  1.23/turn              k - +4 ring of protection
MPRegen  0.45/turn              s - +4 ring of evasion

@: corroded
A: cold resistance 1, negative energy resistance 3, torment resistance 2, heat
vulnerability 1, no potions
a: no special abilities


You were on level 10 of the Dungeon.
You visited 4 branches of the dungeon, and saw 15 of its levels.
You also visited: Sewer.

You collected 685 gold pieces.

Inventory:

Hand Weapons
 q - the +5 dagger "Worm" (weapon) {venom, Dex+3 Stlth+}
   (You found it on level 4 of the Dungeon)

   It poisons the flesh of those it strikes.
   Dex:       It affects your dexterity (+3).
   Stlth:     It makes you more stealthy.
Missiles
 b - 54 poisoned darts
Armour
 j - a +0 pair of gloves (worn)
 m - a +0 pair of boots (worn)
 r - a +1 cloak (worn)
 w - a +0 buckler (worn)
 z - a +0 troll leather armour (worn)
Jewellery
 k - a +4 ring of protection (left hand)
 o - an amulet of magic regeneration (around neck)
 s - a +4 ring of evasion (right hand)
 u - a +6 ring of strength
Wands
 t - a wand of polymorph (3)
 v - a wand of acid (9)
 x - a wand of flame (53)
 B - a wand of iceblast (7)
Scrolls
 a - a scroll of holy word {unknown}
 c - 3 scrolls of summoning {unknown}
 d - 5 scrolls of noise {unknown}
 e - a scroll of fear {unknown}
 f - 4 scrolls of enchant armour
 g - 3 scrolls of brand weapon {unknown}
 h - 4 scrolls of blinking
 i - 3 scrolls of teleportation {unknown}
 l - 3 scrolls of enchant weapon {unknown}
 n - 2 scrolls of magic mapping {unknown}
 p - 2 scrolls of fog {unknown}
 y - 3 scrolls of identify {unknown}
 A - a scroll of immolation {unknown}


   Skills:
 - Level 5.9 Fighting
 - Level 2.4 Short Blades
 - Level 4.3 Dodging
 - Level 4.0 Stealth
 - Level 12.0 Spellcasting
 - Level 7.0 Conjurations
 - Level 4.0 Hexes
 - Level 2.0 Transmutations
 + Level 4.6 Fire Magic
 - Level 3.0 Air Magic
 - Level 4.0 Earth Magic
 - Level 3.0 Poison Magic


You had 6 spell levels left.
You knew the following spells:

 Your Spells              Type           Power      Damage    Failure   Level
a - Magic Dart            Conj           100%       1d8       1%          1
b - Searing Ray           Conj           84%        3d6       1%          2
c - Stone Arrow           Conj/Erth      70%        3d11      3%          3
d - Fulminant Prism       Conj/Hex       17%        3d11      12%         4
e - Dazzling Flash        Conj/Hex       70%        N/A       3%          3
f - Mephitic Cloud        Conj/Pois/Air  30%        N/A       6%          3
g - Ignite Poison         Fire/Tmut/Pois 26%        N/A       10%         3
h - Airstrike             Air            12%        N/A       34%         4
i - Bolt of Magma         Conj/Fire/Erth 17%        4d9       36%         5

Your spell library contained the following spells:

 Spells                   Type           Power      Damage    Failure   Level
 Shock                    Conj/Air       100%       1d9       1%          1
 Corona                   Hex            32%        N/A       2%          1
 Tukima's Dance           Hex            29%        N/A       7%          3
 Ensorcelled Hibernation  Hex/Ice        42%        N/A       8%          2
 Corpse Rot               Necr/Air       N/A        N/A       10%         2
 Swiftness                Air            25%        N/A       11%         3
 Call Imp                 Summ           12%        N/A       19%         2
 Iskenderun's Mystic Bla  Conj/Tloc      27%        2d7       28%         4
 Call Canine Familiar     Summ           12%        N/A       34%         3
 Gell's Gravitas          Tloc           6%         N/A       34%         3
 Teleport Other           Tloc           12%        N/A       34%         3
 Animate Armour           Summ/Erth      42%        N/A       45%         4
 Yara's Violent Unravell  Hex/Tmut       12%        3d7       67%         5
 Dispel Undead            Necr           12%        3d9       75%         4
 Passage of Golubria      Tloc           N/A        N/A       75%         4
 Death Channel            Necr           6%         N/A       100%        6
 Dispersal                Tloc           6%         N/A       100%        6
 Monstrous Menagerie      Summ           6%         N/A       100%        7
 Spellforged Servitor     Conj/Summ      13%        N/A       100%        7
 Lehudib's Crystal Spear  Conj/Erth      17%        10d5      100%        8


Dungeon Overview and Level Annotations

Branches:
Dungeon (11/15)            Temple (1/1) D:4            Lair (2/6) D:8
  Snake (0/4) Lair:2          Orc (1/2) D:10          Sewer (visited)
  Swamp: Lair:2-4    Shoals: Lair:2-4

Altars:
Ashenzari
Cheibriados
Dithmenos
Elyvilon
Fedhas
Gozag
Hepliaklqana
Kikubaaqudgha
Makhleb
Nemelex Xobeh
Okawaru
Qazlal
Ru
Sif Muna
Trog
Uskayaw
Vehumet
Wu Jian
Xom
Yredelemnul
Zin
The Shining One

Shops:
D:1 [   D:10 (

Annotations:
Orc:1 Erica


Innate Abilities, Weirdness & Mutations

You are immune to poison.
Your flesh is cold resistant. (rC+)
You are immune to negative energy. (rN+++)
You are immune to unholy pain and torment.
You are vulnerable to heat. (rF-)
You do not drink.


Message History

There is a staircase to the Orcish Mines, spattered with blood here.
Things that are here:
a +0 giant spiked club; an ogre corpse You hear a zap.
A bolt of acid appears from out of thin air!
Deactivating autopickup; reactivate with Ctrl-A.
The bolt of acid hits you.
You are splashed with acid.
You hear a zap.
A bolt of acid appears from out of thin air!
The bolt of acid misses you.
Items here: )) [[ †.
There is an open door, spattered with blood here.
Things that are here:
a +0 mace; an orc corpse
Items here: ( )) [.
Things that are here:
a +0 club; a +0 halberd
Items here: ))) [[.
Casting: Searing Ray (safe; 1% risk of failure)
Confirm with . or Enter, or press ? or * to list all spells.
Aiming: Searing Ray (safe; 1% risk of failure)
Press: ? - help, Shift-Dir - straight line The searing ray hits the orc wizard!
The orc wizard is heavily wounded.
The searing ray hits something! (Press . to maintain the ray.)
The orc wizard closely misses you.
The searing ray hits the orc wizard!
You kill the orc wizard!
The searing ray hits something!
You hear a zap.
A bolt of acid appears from out of thin air!
The bolt of acid hits you! The acid corrodes you!
You are splashed with acid!
The searing ray hits something!
You finish channeling your searing ray.
You hear a zap.
A bolt of acid appears from out of thin air!
The bolt of acid hits you!!
* * * LOW HITPOINT WARNING * * *
You are splashed with acid!
You die...

#...))........
#.#####.###### #.#
#.# #.# #.# #.#
#.# #####.# #.#
#.....# #.#
#[###.# ###.######
#@#######.........
#{#8...8#.....####
#[#[.[[.#.....#
#.)[.>[.#.....#
#[#..[).#.....#
#.#8...8#.....#
#.#######.....#
#.###.........####
#.).........)))).)


There were no monsters in sight!

Vanquished Creatures
  Erolcha (D:10)
  Pikel (D:4)
  A deep elf pyromancer (D:9)
  A wolf spider (Lair:1)
  3 cane toads
  5 komodo dragons
  A troll (D:10)
  Prince Ribbit (D:7)
  2 hornets
  9 yaks
  A wraith (D:11)
  2 wyverns
  A basilisk (Lair:1)
  2 nagas (Lair:2)
  3 acid dragons
  A warg (D:10)
  5 water moccasins
  A sky beast (D:5)
  9 orc warriors
  2 ice beasts (D:6)
  6 ogres
  6 wolves (Lair:1)
  2 centaurs
  A phantom (D:6)
  4 kobold brigands
  5 bullfrogs
  4 gnoll sergeants
  2 scorpions (D:5)
  A wyvern skeleton (D:7)
  3 killer bees (D:9)
  4 wights (D:4)
  2 howler monkeys
  A bullfrog zombie (D:7)
  3 jellies
  3 hounds
  4 orc priests
  A centaur zombie (D:6)
  5 iguanas
  11 orc wizards
  5 killer bee zombies
  A hound skeleton (D:2)
  3 howler monkey zombies
  14 gnolls
  16 adders
  A shadow imp (D:6)
  2 white imps
  A worm (D:5)
  A dart slug (D:3)
  39 orcs
  9 ball pythons
  5 endoplasms
  5 giant cockroaches
  6 goblins
  5 hobgoblins
  6 jackals
  12 kobolds
  4 quokkas
  10 bats
  10 frilled lizards
  5 rats
280 creatures vanquished.

Vanquished Creatures (others)
  A wizard (D:9)
  An orc (Orc:1)
  15 fulminant prisms
  14 fungi
  64 plants
95 creatures vanquished.

Grand Total: 375 creatures vanquished

Notes
Turn   | Place    | Note
-------+----------+-------------------------------------------
     0 | D:1      | BALLS the Mummy Conjurer began the quest for the Orb.
     0 | D:1      | Reached XP level 1. HP: 13/13 MP: 4/4
   293 | D:1      | Got the Tome of the Entourage
   297 | D:1      | Reached skill level 3 in Spellcasting
   499 | D:1      | Reached XP level 2. HP: 19/19 MP: 3/6
   503 | D:1      | Learned a level 2 spell: Searing Ray
   548 | D:1      | Found Leral's Antique Armour Shoppe.
   682 | D:1      | Reached skill level 4 in Spellcasting
  1113 | D:1      | Found a faded altar of an unknown god.
  1326 | D:2      | Reached XP level 3. HP: 24/24 MP: 2/8
  1662 | D:2      | Learned a level 3 spell: Dazzling Flash
  1715 | D:2      | Reached skill level 5 in Spellcasting
  2144 | D:3      | Reached XP level 4. HP: 23/30 MP: 0/11
  2396 | D:3      | Found a basalt altar of Yredelemnul.
  3133 | D:4      | Found a glowing drain.
  3151 | D:4      | Identified the +5 dagger "Worm" {venom, Dex+3 Stlth+}
  3165 | D:4      | Reached skill level 1 in Hexes
  3171 | Sewer    | Entered a sewer
  3180 | Sewer    | Reached XP level 5. HP: 34/35 MP: 12/12
  3517 | D:4      | Found a staircase to the Ecumenical Temple.
  3522 | Temple   | Entered the Ecumenical Temple
  4013 | D:4      | Learned a level 4 spell: Fulminant Prism
  4023 | D:4      | Reached XP level 6. HP: 40/41 MP: 6/13
  4223 | D:4      | Reached skill level 5 in Conjurations
  4266 | D:4      | Noticed Pikel
  4372 | D:4      | Killed Pikel
  4373 | D:4      | Reached skill level 7 in Spellcasting
  4373 | D:4      | Reached XP level 7. HP: 44/47 MP: 6/17
  4593 | D:5      | Entered Level 5 of the Dungeon
  4598 | D:5      | Reached XP level 8. HP: 56/56 MP: 13/18
  5108 | D:5      | Learned a level 3 spell: Stone Arrow
  5260 | D:5      | Reached skill level 1 in Earth Magic
  5777 | D:6      | Reached XP level 9. HP: 61/61 MP: 14/20
  6296 | D:7      | Noticed Prince Ribbit
  6339 | D:7      | Killed Prince Ribbit
  6340 | D:7      | Reached skill level 8 in Spellcasting
  6402 | D:7      | Reached skill level 9 in Spellcasting
  7064 | D:8      | Found a staircase to the Lair.
  7472 | D:8      | Reached skill level 10 in Spellcasting
  7514 | D:8      | Found a hazy altar of Hepliaklqana.
  7517 | D:8      | Found a blossoming altar of Fedhas.
  7519 | D:8      | Found a broken altar of Ashenzari.
  7947 | Lair:1   | Entered Level 1 of the Lair of Beasts
  7947 | Lair:1   | Noticed a komodo dragon
  8149 | D:9      | Reached skill level 5 in Fighting
  8339 | D:9      | Found a burning altar of Makhleb.
  8583 | D:9      | Reached XP level 10. HP: 73/74 MP: 20/24
  8717 | D:9      | Found a bloodstained altar of Trog.
  8718 | D:9      | Noticed a wizard
  8724 | D:9      | Killed a wizard
  8857 | D:9      | Noticed a deep elf pyromancer
  8868 | D:9      | Killed a deep elf pyromancer
  9002 | D:10     | Entered Level 10 of the Dungeon
  9182 | D:10     | Learned a level 3 spell: Mephitic Cloud
  9186 | D:10     | Learned a level 3 spell: Ignite Poison
  9258 | D:10     | Identified the +4 rapier of the Shining Light {pain, rF-
                  | Str+5}
  9289 | D:10     | Found Lest's Antique Weapon Shoppe.
  9341 | D:10     | Reached skill level 1 in Fire Magic
  9603 | D:10     | Reached skill level 1 in Air Magic
  9793 | D:10     | Reached skill level 1 in Poison Magic
  9842 | D:10     | Reached skill level 1 in Transmutations
  9895 | D:10     | Found a staircase to the Orcish Mines.
 10100 | D:11     | Learned a level 4 spell: Airstrike
 10129 | D:11     | Noticed a six-headed hydra
 10478 | Lair:1   | Reached skill level 11 in Spellcasting
 10498 | Lair:1   | Reached XP level 11. HP: 80/80 MP: 17/26
 10704 | Lair:1   | Reached skill level 12 in Spellcasting
 10730 | Lair:1   | Noticed a wolf spider
 10777 | Lair:1   | Killed a wolf spider
 10778 | Lair:1   | Reached skill level 1 in Short Blades
 10926 | Lair:1   | Noticed a six-headed hydra
 10950 | Lair:1   | Learned a level 5 spell: Bolt of Magma
 11307 | Lair:2   | Found a staircase to the Snake Pit.
 11454 | Orc:1    | Entered Level 1 of the Orcish Mines
 11454 | Orc:1    | Noticed Erolcha
 11474 | D:10     | Killed Erolcha
 11518 | Orc:1    | Noticed Erica
 11643 | D:10     | Splashed by Erica's acid

Illustrated notes

Levels and vault maps discovered:
D:1:      giann_horns, layout_basic, hellmonk_ecumenical_altar_run_dry,
          serial_shops, nicolae_shop_waterfront
D:2:      layout_rooms, kennysheep_generic_room_16
D:3:      layout_basic, general_overflow_altar
D:4:      wander_river, layout_cave_pools, minmay_temple_entry_wispy,
          gup_sewer_entry_glass, cheibrodos_gnoll_hut, uniq_pikel
D:5:      layout_gridville, zin_scriptorium
D:6:      layout_basic
D:7:      layout_loops_ring, uniq_prince_ribbit1
D:8:      layout_layer_cave, tso_oasis_becter, grunt_temple_overflow_open,
          lair_entry_dummy
D:9:      layout_loops_ring, trog_wizard, lightli_temple_of_fire
D:10:     layout_small_grid, kennysheep_orc_monster_closet_entryway,
          serial_shops, shop
D:11:     layout_stronghold, serial_bayou, serial_bayou_ford_a,
          serial_bayou_pond_e, serial_bayou_pond_b, serial_bayou_lagoon_a,
          serial_shops, bzr_in_the_mist, nicolae_lava_and_water,
          minmay_misc_feat_ornament
Temple:   nicolae_temple_great_sept
Lair:1:   minmay_lair_venomous_thicket, layout_regular_city
Lair:2:   wad_woods_04, layout_small_grid, minmay_snake_entry_guardpost_small,
          chequers_serial_rivers_micro_e, minivault_27, minivault_23
Orc:1:    layout_caves, uniq_josephine, uniq_erica, uniq_erolcha, uniq_gastronok

Skill      XL: |  1  2  3  4  5  6  7  8  9 10 11 |
---------------+----------------------------------+-----
Spellcasting   | 3 4 5 7 10 11 12 | 12.0
Conjurations   | 4 5 7 |  7.0
Hexes          | 1 3 4 |  4.0
Stealth        | 2 4 |  4.0
Fighting       | 2 5 |  5.9
Dodging        | 2 3 4 |  4.3
Earth Magic    | 2 4 |  4.0
Fire Magic     | 3 4 |  4.6
Air Magic      | 3 |  3.0
Poison Magic   | 2 3 |  3.0
Transmutations | 2 |  2.0
Short Blades   | 2 |  2.4

Action                   |  1- 3 |  4- 6 |  7- 9 | 10-12 || total
-------------------------+-------+-------+-------+-------++-------
Melee: Unarmed           |    10 |       |       |       ||    10
       Dagger            |     2 |    20 |    20 |   107 ||   149
 Cast: Magic Dart        |    62 |    87 |    56 |    50 ||   255
       Searing Ray       |     3 |    23 |    37 |    37 ||   100
       Stone Arrow       |       |       |    31 |    41 ||    72
       Fulminant Prism   |       |       |       |    15 ||    15
       Mephitic Cloud    |       |       |       |    13 ||    13
       Dazzling Flash    |       |       |       |     4 ||     4
       Ignite Poison     |       |       |       |     6 ||     6
  Use: Scroll            |       |       |       |     2 ||     2
 Stab: Sleeping          |       |     2 |       |       ||     2
       Invisible         |       |       |       |     1 ||     1
       Confused          |       |       |       |     3 ||     3
Armor: Robe              |     9 |    20 |    11 |     5 ||    45
       Troll leather arm |       |       |       |    43 ||    43
Dodge: Dodged            |    13 |    63 |    57 |   185 ||   318
Block: Buckler           |       |       |     8 |    28 ||    36
